FIQ, neutral male gnomish Wizard ----- -------- ....| |......| ------------ # |..>.##### |......| |..........|### |...| # #.......| -------- #...........|# #....+# ###---------------- ###----|--- |......| #|.....#.<..|# #-----# #-...............# # # |......| #------------# # ###|..............|### ### |.....^.*####### #### # # #................# # --.--.-- # # ### #---------------- # ######### # ### # # ### # # ################## # ##` # ### ---.---- ### # -+------.- # # # |......| |........| #)# # ##......{| |........| # @ ---+-# |......| |........| ###|...|# -------- ---------- #+..>.# |...| ----- FIQ the Thaumaturge Experience level: 6 Strength: 10 Dexterity: 13 Constitution: 14 Intelligence: 19 Wisdom: 12 Charisma: 12 Health: 0(49) Energy: 41(75) Def: 1 Gold: 207 Moves: 3506 Dungeon seed: 9x8PcBAQSdwEHav5 Game ID: FIQ_1624143555 Your Inventory: Coins $ - 207 gold pieces Weapons a - a +0 elven dagger (weapon in hand) y - a blessed +1 quarterstaff Armor e - a blessed +0 cloak of magic resistance (being worn) Comestibles q - an uncursed egg r - an uncursed tripe ration s - an uncursed food ration x - an uncursed lichen corpse Scrolls h - an uncursed scroll of punishment i - an uncursed scroll of earth j - 2 uncursed scrolls of destroy armor m - an uncursed scroll of genocide Potions f - 2 uncursed potions of monster detection g - an uncursed potion of paralysis o - an uncursed potion of water p - an uncursed potion of restore ability C - an uncursed potion of oil K - a cursed potion of object detection M - a cursed potion of sleeping Rings c - an uncursed ring of poison resistance d - an uncursed ring of conflict B - a cursed ring of conflict Wands b - a wand of slow monster (0:3) Tools k - an uncursed skeleton key t - an uncursed blindfold D - a drum of earthquake (0:7) F - a magic marker (0:91) H - a frost horn (0:4) P - an uncursed wooden harp Gems n - an uncursed jet stone z - an uncursed garnet stone E - an uncursed worthless piece of red glass N - 2 uncursed worthless pieces of black glass Y - 3 uncursed worthless pieces of green glass Spells and supernatural/magical abilities: Name Level Category Fail Memory a - force bolt 1 attack 0% 83% h - healing 1 healing 0% 86% m - magic missile 2 attack 0% 86% z - sleep 1 enchantment 0% 86% K - cure sickness 3 healing 71% 83% W - pray for help -- divine ? -- Your skills at the end: Fighting Skills Weapon Skills dagger [Basic] quarterstaff [Basic] Spellcasting Skills attack spells [Basic] enchantment spells [Basic] Final Attributes: You were piously aligned. You were magic-protected. You were telepathic. You had infravision. You were fast. You are dead. Vanquished creatures: a leprechaun a bugbear a wood nymph a mountain nymph a kobold mummy 4 elf zombies a straw golem a giant ant 2 floating eyes a kitten 2 dwarves 2 homunculi a kobold lord 8 hill orcs a rothe 2 dwarf zombies a werejackal 3 iguanas an acid blob 4 coyotes 4 hobbits 2 green molds a gnome zombie 3 geckos 12 jackals a fox 4 goblins 5 sewer rats 5 grid bugs a bat 3 lichens a kobold zombie 4 newts 85 creatures vanquished. Voluntary challenges: You used a wielded weapon 99 times, starting on turn 4. You read items or engraved 5 times, starting on turn 597. You never genocided any monsters. You never polymorphed an object. You never changed form. You used no wishes. You never split a pudding. You never wrote Elbereth's name. You violated your moral code, losing 2 points of alignment, starting on turn 1604. Dungeon overview: The Dungeons of Doom: levels 1 to 3 Level 1 a long staircase Level 2 (books) a general store Level 3 <- You were here a fountain, a sink stairs to The Gnomish Mines The Gnomish Mines: levels 4 to 6 Level 4 stairs to The Dungeons of Doom Level 5 Level 6 some shops, a temple to Anhur, some fountains History has recorded: On T:1 you entered the Dungeons of Doom to retrieve the Amulet of Yendor! On T:359 you reached level 2 of The Dungeons of Doom. On T:422 you advanced to experience level 2. On T:630 you advanced to experience level 3. On T:900 you reached level 3 of The Dungeons of Doom. On T:1220 you advanced to experience level 4. On T:1286 you reached level 1 of The Gnomish Mines. On T:1714 you reached level 2 of The Gnomish Mines. On T:1891 you advanced to experience level 5. On T:1944 you reached level 3 of The Gnomish Mines. On T:3177 you advanced to experience level 6. Score breakdown: Gold: 207 ( 7885 points) Experience: 6 levels (12456 points) Exploration: 6 levels ( 12.50%) ( 9784 points) Discoveries: 9 items ( 3.12%) ( 5303 points) Valuables value: (no points given unless you survive) Artifact value: 0 ( 0 points) Variety of kills: 33 monsters ( 8.66%) ( 8829 points) Turncount: 3506 turns ( -830 points) Survival: died (score multiplied by 80%) Total score: 34741 Latest messages: You finish eating the rothe corpse. This newt corpse tastes terrible! You finish eating the newt corpse. You feel a mild buzz. You hear a door open. You stop exploring. Please move the cursor to an unknown object. A horn on a corridor. You see here a horn. The hobbit hits! P - a horn. Swapping: H - a horn. P - a harp called wooden. You start playing the horn. You kill the hobbit! The bolt of cold bounces! The bolt of cold hits you! You die... Final status: Goodbye FIQ the Wizard, killed by a bolt of cold... You died in The Dungeons of Doom on dungeon level 3 with 34741 points, and 207 pieces of gold, after 3506 moves. You were level 6 with a maximum of 49 hit points when you died.